 Dungeon Crawl Stone Soup version 0.17-a0-1804-gf6433eb (webtiles) character file.

416826 Gorice the Fencer (level 22, -12/175 HPs)
             Began as a Mummy Berserker on Sept 5, 2015.
             Was the Champion of Trog.
             Killed by divine providence
             ... invoked by a smoke demon
              (14 damage)
             ... on level 3 of the Abyss on Sept 11, 2015.
             The game lasted 07:19:01 (70250 turns).

Gorice the Fencer (Mummy Berserker)                Turns: 70250, Time: 07:19:01

Health: -12/175    AC: 34    Str: 21 (24) XL:     22   Next: 57%
Magic:  20/28      EV: 23    Int:  3 (8)  God:    Trog [******]
Gold:   2080       SH:  0    Dex: 16 (18) Spells: 0 memorised, 21 levels left

rFire  . . .     SeeInvis .     b - +3 great sword (elec)
rCold  + . .     Clarity  .     C - +4 plate armour of the Gardener {Regen+}
rNeg   + + +     SustAt   .     (no shield)
rPois  ∞         Gourm    .     h - +3 helmet of Duntupp {Str+3 Dex-4}
rElec  .         Spirit   .     q - +2 cloak {+Inv}
rCorr  .         Warding  .     V - +0 pair of gloves {Dex+3}
rMut   +         Stasis   .     k - +2 pair of boots {run}
MR     ++...                    o - amulet of resist mutation
Stlth  ..........               A - ring of protection from fire
                                H - ring of Shaolin {EV+8}

@: about to teleport, very slightly contaminated, hasted, very quick, very
resistant to hostile enchantments, extremely unstealthy
A: no food or potions, fire vulnerability, cold resistance 1, negative energy
resistance 3, torment resistance, unbreathing, in touch with death 1, restore
body
a: Self-Restoration, Burn Spellbooks, Trog's Hand, Brothers in Arms, Renounce
Religion, Evoke Invisibility
}: 2/15 runes: decaying, gossamer


You were on level 3 of the Abyss.
You worshipped Trog.
Trog was exalted by your worship.
You were not hungry.

You visited 9 branches of the dungeon, and saw 46 of its levels.
You visited the Abyss 1 time.
You also visited: Labyrinth, Bailey and Wizlab.

You collected 5998 gold pieces.
You spent 3918 gold pieces at shops.

Inventory:

Hand weapons
 a - the +10 scimitar of Balance {antimagic, rF+}
   (Trog gifted it to you on level 8 of the Lair of Beasts)

   It disrupts the flow of magical energy around spellcasters and certain
   magical creatures (including the wielder).
   It protects you from fire.
 b - a +3 great sword of electrocution (weapon)
   (Trog gifted it to you on level 4 of the Orcish Mines)
 d - a +8 antimagic great sword
   (Trog gifted it to you on level 2 of the Depths)
 v - a +4 vampiric triple sword
   (You found it on level 1 of the Elven Halls)
 B - a +0 blowgun
 J - the +3 scimitar of Weame {slice, +Blink}
   (Trog gifted it to you on level 13 of the Dungeon)

   It inflicts extra damage upon your enemies.
   It lets you blink.
Missiles
 r - 58 tomahawks (quivered)
 O - 6 curare-tipped needles
 R - 12 javelins of penetration
 W - 8 needles of paralysis
 X - 8 tomahawks of dispersal
 Y - 2 throwing nets
Armour
 h - the +3 helmet of Duntupp (worn) {Str+3 Dex-4}
   (You bought it in a shop on level 3 of the Orcish Mines)

   It affects your strength (+3).
   It affects your dexterity (-4).
 k - a +2 pair of boots of running (worn)
   (You bought it in a shop on level 10 of the Dungeon)
 q - a +2 cloak of invisibility (worn)
   (You bought it in a shop on level 3 of the Orcish Mines)
 s - a fire dragon hide
 C - the +4 plate armour of the Gardener (worn) {Regen+}
   (You found it on level 5 of the Dungeon)

   It increases your rate of regeneration.
 V - a +0 pair of gloves of dexterity (worn)
   (You found it on level 2 of the Vaults)
Rods
 L - a +4 lightning rod (13/13) {!a}
   (You found it on level 3 of the Elven Halls)
Jewellery
 f - an uncursed amulet of stasis
 i - an uncursed ring of flight
 o - an amulet of resist mutation (around neck)
 w - the amulet "Qeiffaic" {rCorr rF+ rC+ Str-2 Stlth+}
   (You bought it in a shop on level 10 of the Dungeon)

   [amulet of resist corrosion]

   It protects you from acid and corrosion.
   It affects your strength (-2).
   It protects you from fire.
   It protects you from cold.
   It makes you more stealthy.
 A - a ring of protection from fire (right hand)
 D - an uncursed ring of sustain attributes
 H - the ring of Shaolin (left hand) {EV+8}
   (You bought it in a shop on level 10 of the Dungeon)

   [ring of evasion]

   It affects your evasion (+8).
 I - an uncursed ring of see invisible
 P - an uncursed amulet of clarity
 U - an uncursed ring of protection from magic
Magical devices
 c - a wand of hasting (6) {!d}
 g - a wand of fireball (9)
 l - a wand of fire (5)
 t - a wand of disintegration (16)
 E - a wand of digging (7)
Scrolls
 j - 6 scrolls of blinking
 m - 3 scrolls of fog
 p - 15 scrolls of remove curse
 y - 12 scrolls of identify
 z - 5 scrolls of teleportation {!r}
 F - 3 scrolls of silence {!r}
 G - 6 scrolls of summoning {!r}
 K - 3 scrolls of torment {!r}
 N - 6 scrolls of fear {!r}
 T - 2 scrolls of magic mapping {!r}
Books
 e - the Catalogue of Lightness and Contamination
   (You found it on level 3 of the Depths)

   Spells                             Type                      Level
   a - Static Discharge               Conjuration/Air              3
   b - Spider Form                    Transmutation/Poison         3
   c - Airstrike                      Air                          4
   d - Summon Lightning Spire         Summoning/Air                4
   e - Alistair's Intoxication        Transmutation/Poison         4
   f - Silence                        Hexes/Air                    5
   g - Poisonous Cloud                Conjuration/Poison/Air       6
   h - Tornado                        Air                          9
   Trog disapproves of the use of such an item.
 x - Sif Muna's Papyrus of Congealing Black Rites
   (You found it on level 3 of the Depths)

   Spells                             Type                      Level
   a - Animate Skeleton               Necromancy                   1
   b - Sublimation of Blood           Necromancy                   2
   c - Vampiric Draining              Necromancy                   3
   d - Throw Icicle                   Conjuration/Ice              4
   e - Animate Dead                   Necromancy                   4
   f - Control Undead                 Necromancy                   4
   g - Ozocubu's Refrigeration        Ice                          6
   h - Simulacrum                     Ice/Necromancy               6
   Trog disapproves of the use of such an item.
 M - a book of Annihilations
 Q - a book of Enchantments
Miscellaneous
 n - a lamp of fire
 u - a phial of floods
 S - a fan of gales
 Z - a lantern of shadows


   Skills:
 - Level 15.0 Fighting
 * Level 19.9 Long Blades
 - Level 10.0 Throwing
 - Level 15.0 Armour
 - Level 15.0 Dodging
 - Level 4.7 Stealth
 - Level 10.8 Evocations


You had 21 spell levels left.
You didn't know any spells.

Dungeon Overview and Level Annotations

Branches:
Dungeon (15/15)            Temple (1/1) D:4            Lair (8/8) D:9
  Swamp (4/4) Lair:3       Spider (4/4) Lair:5          Orc (4/4) D:11
    Elf (3/3) Orc:4        Vaults (4/5) D:14          Crypt (0/3) Vaults:2
 Depths (3/5) D:15
  Slime: Lair:6-8

Altars:
Ashenzari
Cheibriados
Dithmenos
Gozag
Kikubaaqudgha
Makhleb
Nemelex Xobeh
Qazlal
Ru
Sif Muna
Trog
Xom
Yredelemnul
Zin
The Shining One
Beogh

Shops:
D:6 (   D:10 =:*([   D:13 *   D:15 !*}*   Orc:1 [   Orc:3 [[   Orc:4 !?[}
Elf:2 *   Vaults:2 %   Vaults:4 *

Portals:
Hell: Depths:1 Depths:2
Pandemonium: Orc:4
Ziggurat: Depths:1

Annotations:
D:4 Blork the orc
D:12 6 runed doors
Lair:3 exclusion: oklob plant
Lair:6 exclusion: 3 oklob plants
Elf:1 vpUX triple sword on permatele
Depths:3 the Enchantress


Innate Abilities, Weirdness & Mutations

You do not eat or drink.
Your flesh is vulnerable to fire.
You are immune to poison.
Your flesh is cold resistant.
You are immune to negative energy.
You are immune to unholy pain and torment.
You can survive without breathing.
You are in touch with the powers of death.
You can restore your body by infusing magical energy.


Message History

Unknown command.
You are covered in liquid flames!
* * * LOW HITPOINT WARNING * * *
The thrashing horror roars!
The thrashing horror tramples you but does no damage.
The thrashing horror closely misses you.
The ynoxinul gestures.
The smoke demon gestures at you. Something smites you!
* * * LOW HITPOINT WARNING * * *
Damage: 12 (max 16)
The thrashing horror roars!
The ufetubus disappears in a puff of smoke!
The thrashing horror completely misses you.
The thrashing horror tramples you but does no damage.
The ufetubus closely misses you. The ufetubus hits you.
* * * LOW HITPOINT WARNING * * *
The smoke demon gestures at you. The ball of steam hits you!
* * * LOW HITPOINT WARNING * * *
Found a glowing fluorescent wand.
Damage: 25 (max 25) Unknown command.
Unknown command.
Unknown command.
Unknown command.
Unknown command.
Unknown command.
Unknown command.
Unknown command.
Unknown command.
Unknown command.
Unknown command.
Unknown command.
Unknown command.
Evoke which item? (* to show all) (? for menu, Esc to quit)
Zapping:
c - a wand of hasting (7) {!d}
Press: ? - help, Shift-Dir - straight line, f - you You feel yourself speed up.
You are very lightly contaminated with residual magic.
This wand has 6 charges left.
You are engulfed in a cloud of scalding steam.
The thrashing horror closely misses you.
The thrashing horror tramples you but does no damage.
The ufetubus is engulfed in a cloud of scalding steam.
The ufetubus completely misses you. The ufetubus barely misses you.
The soul eater completely misses you.
The thrashing horror tramples you but does no damage. x2
The smoke demon gestures at you. Something smites you!
You die...

#..##.............. .
.......5..5..3... . .
.......3..*32.........
#..##..3.X......... .
##..##....x4..........
......53........ .. ..
......5X5..##......##.
#..##X5...##......#
#@3............
./......x.......... .
..................
.##..##.......... #..
#.......... ...
......... . ...
......##.. .## #.....#


You could see a tentacled starspawn, a wretched star, a soul eater, an orange
demon, 2 ancient zymes, a thrashing horror, a large abomination, a smoke demon,
a hellion, 2 neqoxecs, a ynoxinul, a chaos spawn and 6 ufetubi.

Vanquished Creatures
  A tentacled monstrosity (WizLab)
  2 bone dragons (Abyss:3)
  Rupert (Spider:1)
  2 liches (Depths:3)
  Asterion (Elf:2)
  3 deep elf blademasters (Elf:3)
  A quicksilver dragon (Depths:2)
  A tentacled starspawn (Abyss:2)
  A deep elf master archer (Elf:3)
  A thorn hunter (Swamp:3)
  4 sphinxes
  2 tengu reavers (Vaults:4)
  7 deep elf sorcerers
  A fire giant (Vaults:4)
  Donald (Vaults:4)
  3 frost giants
  2 ghost moths (Spider:4)
  7 vault wardens
  4 emperor scorpions
  A ghoul (Swamp:1)
  14 ironheart preservers
  A spriggan defender (Depths:3)
  11 stone giants
  10 very ugly things
  Nessos (Lair:7)
  12 deep elf annihilators
  2 salamander stormcallers
  6 deep elf demonologists
  A minotaur (Lab)
  6 ettins
  4 fire dragons
  A crystal guardian (Vaults:4)
  2 rakshasas (Depths:1)
  15 deep elf death magi
  Erolcha (Orc:1)
  6 vault guards
  16 hydras
  12 yaktaur captains
  3 great orbs of eyes
  5 entropy weavers
  4 deep elf high priests (Elf:3)
  19 ogre magi
  2 catoblepae
  8 ice dragons
  4 death yaks
  5 centaur warriors
  14 dancing weapons (Elf:2)
  16 alligators
  2 deep troll earth magi
  2 deep troll shamans
  3 tengu warriors
  The ghost of hexophile the Basher, an experienced OgFi of the Shining One (D:7)
  A vampire mage (Vaults:2)
  7 orc high priests
  A storm dragon zombie (Vaults:1)
  2 hell hogs (Depths:2)
  2 thrashing horrors (Abyss:3)
  2 soul eaters (Orc:4)
  An iron golem (WizLab)
  4 skeletal warriors (Vaults:2)
  A fire crab (Vaults:2)
  3 wretched stars (Abyss:2)
  A shock serpent (shapeshifter) (WizLab)
  2 spatial maelstroms
  2 giant orange brains
  2 shadow wraiths (Vaults:4)
  A fire crab (shapeshifter) (WizLab)
  24 deep elf knights
  An ice devil (Abyss:3)
  2 sun demons (Abyss:3)
  3 swamp dragons
  An unseen horror (shapeshifter) (WizLab)
  A flayed ghost (Depths:2)
  12 deep elf summoners
  5 deep trolls
  6 hell knights
  A shambling mangrove (Swamp:2)
  2 spriggan druids (Swamp:3)
  A putrid demonspawn (Orc:4)
  6 necromancers
  A gelid demonspawn (Orc:4)
  Pikel (D:7)
  15 deep elf conjurers
  9 hill giants
  10 ironbrand convokers
  17 orc knights
  4 wizards
  A lindwurm (Lair:8)
  A hornet (shapeshifter) (WizLab)
  31 orb spiders
  3 shining eyes (shapeshifter)
  8 harpies
  12 hornets
  50 ugly things
  A frost giant zombie (Depths:2)
  7 orc sorcerers
  33 wolf spiders
  2 octopodes (shapeshifter)
  9 cyclopes
  2 moths of wrath
  A salamander (Depths:1)
  4 sixfirhies
  22 large abominations
  2 manticores
  9 elephants
  2 centaur zombies
  5 griffons
  Joseph (D:8)
  A fire giant skeleton (Vaults:3)
  9 vault sentinels
  29 spiny frogs
  A spiny frog (shapeshifter) (WizLab)
  2 smoke demons
  2 gargoyles
  2 black mambas
  5 torpor snails
  2 yaktaurs (shapeshifter) (WizLab)
  3 kobold demonologists (Vaults:2)
  6 komodo dragons
  A redback zombie (Vaults:1)
  22 demonic crawlers
  A fire drake (shapeshifter) (Vaults:3)
  A tengu conjurer (D:15)
  35 yaktaurs
  18 jumping spiders
  21 deep elf priests
  An efreet (D:14)
  A golden dragon simulacrum (Depths:2)
  2 human skeletons
  8 freezing wraiths
  An ancient zyme (Abyss:3)
  4 polar bears
  25 slime creatures
  A raiju (shapeshifter) (WizLab)
  3 fire drakes
  9 trolls
  A blink frog (shapeshifter) (WizLab)
  A queen bee (D:9)
  Grinder (D:4)
  25 two-headed ogres
  A blue devil (Abyss:2)
  A wind drake (shapeshifter) (WizLab)
  A two-headed ogre (shapeshifter) (WizLab)
  3 boulder beetles
  7 giant leeches
  22 blink frogs
  18 bog bodies
  2 ettin zombies
  8 raiju
  20 trapdoor spiders
  2 trolls (shapeshifter)
  7 shadows
  31 deep elf magi
  60 redbacks
  A yak (shapeshifter) (D:15)
  A flying skull (Abyss:3)
  A hog (D:7)
  3 wraiths
  A spriggan (shapeshifter) (WizLab)
  A human (shapeshifter) (WizLab)
  3 starcursed masses
  25 yaks
  An air elemental (Depths:2)
  20 tarantellas
  A basilisk (shapeshifter) (WizLab)
  2 ynoxinuls
  4 elf zombies
  A hog (shapeshifter) (Vaults:4)
  7 spriggans
  A steam dragon (shapeshifter) (WizLab)
  A human (D:6)
  6 basilisks
  31 deep elf fighters
  2 neqoxecs
  2 wyverns
  8 hippogriffs
  A hippogriff (shapeshifter) (Vaults:4)
  4 swamp worm simulacra (Swamp:4)
  47 vampire mosquitoes
  2 chaos spawn
  A soldier ant (shapeshifter) (WizLab)
  A spatial vortex (Abyss:3)
  5 wargs
  3 hungry ghosts
  9 insubstantial wisps
  3 soldier ants
  6 hell hounds (Depths:2)
  21 wolves
  15 hydra simulacra (Swamp:4)
  9 swamp drakes
  16 ice beasts
  15 water moccasins
  21 swamp worms
  10 porcupines
  3 phantoms
  4 necrophages
  45 orc warriors
  7 sky beasts
  4 black bears (shapeshifter)
  17 centaurs
  4 black bears
  3 eyes of draining
  38 ogres
  24 spiders
  13 wasps
  3 boggarts (Depths:1)
  A centaur (shapeshifter) (WizLab)
  17 crocodiles
  18 giant frogs
  3 big kobolds
  A brain worm (D:13)
  A gnoll sergeant (D:9)
  A wyvern skeleton (D:11)
  3 scorpions
  33 killer bees
  A human simulacrum (Vaults:3)
  2 yaktaur simulacra
  5 electric eels
  7 crimson imps
  2 giant frog zombies
  47 orc priests
  6 jellies
  Ijyb (D:2)
  3 giant frog skeletons
  3 centaur skeletons
  Jessica (D:2)
  21 iguanas
  4 hounds
  8 worker ants
  2 polar bear simulacra (Lair:8)
  3 hell rats (Lair:6)
  30 orc wizards
  4 yak simulacra (Lair:8)
  16 sheep
  3 wolf simulacra (Lair:8)
  A killer bee zombie (D:9)
  A hound zombie (D:9)
  4 hound skeletons
  12 small abominations
  19 gnolls
  An adder (shapeshifter) (Vaults:3)
  14 adders
  41 river rats
  7 shadow imps
  6 white imps
  4 giant eyeballs (WizLab)
  4 oozes
  An ufetubus (D:8)
  4 swamp drake simulacra (Swamp:4)
  3 worms
  An adder simulacrum (D:8)
  5 giant geckos
  236 orcs
  4 ball pythons
  7 giant cockroaches
  10 hobgoblins
  15 jackals
  25 kobolds
  4 quokkas
  7 bats
  A giant gecko skeleton (D:4)
  14 goblins
  15 rats
  2 river rat simulacra (Lair:8)
  A butterfly (D:9)
  A crawling corpse (Vaults:2)
  A plant (Lair:8)
2237 creatures vanquished.

Vanquished Creatures (collateral kills)
  A deep elf master archer (Elf:3)
  Maud (Lair:5)
  A vault warden (Vaults:4)
  An orc warlord (Orc:3)
  An ironheart preserver (Vaults:4)
  An ettin (Orc:2)
  Harold (Lair:2)
  A centaur warrior (Vaults:3)
  2 orc high priests (Orc:4)
  A deep elf summoner (Elf:3)
  2 ironbrand convokers
  3 hornets (Swamp:2)
  A griffon (Lair:2)
  Psyche (D:11)
  A yaktaur (Vaults:4)
  A two-headed ogre (Vaults:4)
  A deep elf fighter (Vaults:3)
  2 orc warriors
  An orc (Orc:2)
24 creatures vanquished.

Vanquished Creatures (others)
  A deep elf sorcerer (Depths:3)
  A salamander stormcaller (Vaults:4)
  A deep elf high priest (Elf:3)
  A deep elf conjurer (Elf:3)
  A necromancer (Lair:8)
  A jumping spider (shapeshifter) (WizLab)
  2 spriggans (Swamp:3)
  A tarantella (Spider:4)
  A deep elf fighter (Vaults:3)
  A necrophage (Swamp:1)
  A white imp (Abyss:3)
  A fire vortex (D:15)
  4 fungi
  5 plants
  2 starspawn tentacles (Abyss:2)
  30 starspawn tentacle segments
54 creatures vanquished.

Grand Total: 2315 creatures vanquished

Notes
Turn   | Place    | Note
--------------------------------------------------------------
     0 | D:1      | Gorice the Mummy Berserker began the quest for the Orb.
     0 | D:1      | Reached XP level 1. HP: 18/18 MP: 1/1
    78 | D:1      | HP: 3/18 [hobgoblin/club (3)]
   362 | D:1      | Reached XP level 2. HP: 17/24 MP: 2/2
   483 | D:1      | Reached skill level 3 in Long Blades
   650 | D:1      | HP: 6/24 [kobold/whip (7)]
   661 | D:1      | HP: 5/24 [rat (2)]
  1452 | D:2      | Reached XP level 3. HP: 26/29 MP: 3/3
  1471 | D:2      | Noticed Ijyb
  1518 | D:2      | Killed Ijyb
  1518 | D:2      | Reached skill level 4 in Long Blades
  1523 | D:2      | Reached XP level 4. HP: 22/35 MP: 4/4
  1839 | D:2      | Acquired Trog's second power
  2124 | D:2      | Found a faded altar to an unknown god.
  2264 | D:2      | Noticed Jessica
  2270 | D:2      | Killed Jessica
  2270 | D:2      | Reached XP level 5. HP: 41/41 MP: 5/5
  2283 | D:2      | Found a deep blue altar of Sif Muna.
  2660 | D:2      | Reached skill level 5 in Long Blades
  2751 | D:3      | Found a shadowy altar of Dithmenos.
  2782 | D:3      | Found a shattered altar of Ashenzari.
  3449 | D:4      | Reached XP level 6. HP: 47/47 MP: 6/6
  3481 | D:4      | Found a staircase to the Ecumenical Temple.
  3490 | Temple   | Entered the Ecumenical Temple
  3541 | D:4      | Noticed Blork the orc
  3584 | D:5      | Entered Level 5 of the Dungeon
  3629 | D:5      | Reached skill level 6 in Long Blades
  4122 | D:5      | Reached XP level 7. HP: 32/52 MP: 7/7
  4344 | D:5      | Reached skill level 7 in Long Blades
  4898 | D:4      | HP: 15/52 [adder (2)]
  5237 | D:4      | Found a stormy altar of Qazlal.
  5239 | D:4      | Noticed a fire elemental
  5240 | D:4      | Noticed an air elemental
  5240 | D:4      | Noticed a water elemental
  5488 | D:4      | Got a twisted leather armour
  5618 | D:4      | Reached skill level 8 in Long Blades
  5737 | D:5      | Reached XP level 8. HP: 55/58 MP: 8/8
  5893 | D:5      | Got a distressingly furry plate armour
  5934 | D:5      | Identified the +4 plate armour of the Gardener {Regen+} (You found it on level 5 of the Dungeon)
  5934 | D:5      | --nice!
  6154 | D:5      | Upgraded the game from 0.17-a0-1763-g847a857 to 0.17-a0-1767-gccbed74
  6369 | D:6      | Found Milo's Weapon Shop.
  6377 | D:6      | Bought a +0 falchion of freezing for 74 gold pieces
  6422 | D:6      | Reached skill level 9 in Long Blades
  6463 | D:6      | Got a crystal falchion
  6464 | D:6      | Identified the +5 falchion of Tucomam {slice, rC+} (You found it on level 6 of the Dungeon)
  6928 | D:5      | Acquired Trog's third power
  7181 | D:7      | --3 ?blink on this level so far!
  7222 | D:7      | Noticed hexophile's ghost (experienced OgFi)
  7261 | D:7      | Found a bloodstained altar of Trog.
  7383 | D:6      | Received a gift from Trog
  7523 | D:7      | Reached skill level 10 in Long Blades
  7575 | D:7      | Found a glowing silver altar of Zin.
  7577 | D:7      | Found a burning altar of Makhleb.
  7723 | D:7      | Reached XP level 9. HP: 51/63 MP: 9/9
  7848 | D:8      | Identified a scroll of acquirement
  8123 | D:8      | Noticed Joseph
  8177 | D:8      | Killed Joseph
  8177 | D:8      | Reached skill level 11 in Long Blades
  8469 | D:8      | Found a sparkling altar of Nemelex Xobeh.
  9162 | D:9      | Received a gift from Trog
  9267 | D:8      | Reached skill level 12 in Long Blades
  9305 | D:9      | Reached XP level 10. HP: 70/70 MP: 10/10
  9983 | D:9      | Found an ancient bone altar of Kikubaaqudgha.
 10225 | D:9      | Noticed a komodo dragon
 10239 | D:9      | Killed a komodo dragon
 10318 | D:9      | Reached skill level 13 in Long Blades
 10325 | D:9      | Found a staircase to the Lair.
 10652 | Lair:1   | Entered Level 1 of the Lair of Beasts
 10920 | Lair:1   | Received a gift from Trog
 10922 | Lair:1   | --hmm 13.1 Long blades, no other wpn skills - why a battleaxe Trog?
 11302 | Lair:2   | HP: 13/70 [spiny frog (14)]
 11524 | D:10     | Entered Level 10 of the Dungeon
 11524 | D:10     | Found Odghoakk's Antique Weapon Shop.
 11524 | D:10     | Found Hexiun's Antique Armour Emporium.
 11541 | D:10     | Bought a pair of glowing boots for 103 gold pieces
 11541 | D:10     | Bought a pair of runed gloves for 103 gold pieces
 11556 | D:10     | Identified a +2 pair of boots of running (You bought it in a shop on level 10 of the Dungeon)
 11556 | D:10     | --Oh yes!
 11683 | D:10     | Found Zykladyh's Book Shop.
 11696 | D:10     | Found Coxoif's General Store.
 11757 | D:10     | Noticed a purple ugly thing
 11775 | D:10     | Killed a purple ugly thing
 12021 | D:9      | Reached XP level 11. HP: 56/75 MP: 11/11
 12232 | D:10     | Reached skill level 14 in Long Blades
 12271 | D:10     | Found Rikut's Jewellery Emporium.
 12598 | D:10     | Reached skill level 2 in Armour
 12969 | D:11     | Found a flagged portal.
 12974 | Bailey   | Entered a bailey
 13008 | Bailey   | Reached skill level 4 in Fighting
 13104 | Bailey   | Found a burning altar of Makhleb.
 13231 | D:11     | Noticed Psyche
 13253 | D:11     | Killed Psyche
 13253 | D:11     | Reached skill level 3 in Armour
 13305 | D:11     | Found a staircase to the Orcish Mines.
 13393 | D:11     | Reached skill level 5 in Fighting
 13460 | D:11     | Reached skill level 4 in Armour
 13572 | D:10     | Bought the amulet "Qeiffaic" {rCorr rF+ rC+ Str-2 Stlth+} for 475 gold pieces
 13622 | D:11     | Identified the Volume of the Traveller and Intoxication
 13974 | Orc:1    | Entered Level 1 of the Orcish Mines
 14123 | Orc:2    | Noticed an ettin
 14257 | Lair:2   | Reached skill level 6 in Fighting
 14292 | Lair:2   | Received a gift from Trog
 14678 | Lair:2   | Noticed a griffon
 14685 | Lair:2   | Noticed Harold
 14708 | Lair:2   | Killed Harold
 14708 | Lair:2   | Reached skill level 5 in Armour
 14715 | Lair:2   | Killed a griffon
 14822 | Lair:2   | Reached skill level 7 in Fighting
 15526 | Lair:3   | Reached skill level 6 in Armour
 15568 | Lair:3   | Found a staircase to the Swamp.
 15580 | Lair:3   | Reached XP level 12. HP: 85/92 MP: 12/12
 16031 | Lair:3   | Reached skill level 8 in Fighting
 16938 | Lair:5   | Noticed Maud
 16957 | Lair:5   | Killed Maud
 17011 | Lair:4   | Reached skill level 7 in Armour
 17090 | Lair:5   | Reached skill level 9 in Fighting
 17436 | Lair:5   | Found a hole to the Spider Nest.
 17555 | Lair:5   | Received a gift from Trog
 18010 | Lair:5   | Reached skill level 8 in Armour
 18021 | Lair:5   | Reached skill level 10 in Fighting
 18408 | Lair:6   | Noticed a seven-headed hydra
 18425 | Lair:6   | HP: 27/97 [seven-headed hydra (7)]
 18431 | Lair:6   | Killed a seven-headed hydra
 19171 | Lair:6   | Gained mutation: You are in touch with the powers of death. [Mummy growth]
 19171 | Lair:6   | Gained mutation: You can restore your body by infusing magical energy. [Mummy growth]
 19171 | Lair:6   | Reached XP level 13. HP: 98/104 MP: 4/13
 19700 | Lair:6   | Reached skill level 9 in Armour
 19703 | Lair:6   | Reached skill level 11 in Fighting
 20135 | Lair:7   | Noticed Nessos
 20731 | D:4      | Noticed Grinder
 20738 | D:4      | Killed Grinder
 21216 | D:7      | Noticed Pikel
 21226 | D:7      | Killed Pikel
 21239 | D:7      | Found a snail-covered altar of Cheibriados.
 21240 | D:7      | Found a glowing golden altar of the Shining One.
 21240 | D:7      | Found a sacrificial altar of Ru.
 21242 | D:7      | Found a deep blue altar of Sif Muna.
 21242 | D:7      | Found a basalt altar of Yredelemnul.
 21243 | D:7      | Found an opulent altar of Gozag.
 21327 | D:7      | Killed hexophile's ghost
 21690 | Orc:1    | Found Ceolen's Armour Shoppe.
 21871 | Orc:1    | Received a gift from Trog
 22004 | Orc:1    | Noticed Erolcha
 22032 | Orc:1    | Killed Erolcha
 22342 | Orc:1    | Found a roughly hewn altar of Beogh.
 22506 | D:10     | Bought the ring of Shaolin {EV+8} for 1536 gold pieces
 22726 | Lair:5   | Reached skill level 12 in Fighting
 22802 | Lair:7   | Killed Nessos
 22802 | Lair:7   | Reached skill level 10 in Armour
 23194 | Lair:8   | Entered Level 8 of the Lair of Beasts
 23492 | Lair:8   | Received a gift from Trog
 23493 | Lair:8   | Got a smoking scimitar {god gift}
 23521 | Lair:7   | Identified the +10 scimitar of Balance {antimagic, rF+} (Trog gifted it to you on level 8 of the Lair of Beasts)
 24223 | Lair:8   | Reached XP level 14. HP: 108/116 MP: 4/14
 24295 | Lair:8   | Reached skill level 13 in Fighting
 24404 | Lair:8   | Reached skill level 11 in Armour
 24946 | Lair:8   | Got a silken robe
 24947 | Lair:8   | Identified the +4 robe of the Sailor {rF- Int+7} (You found it on level 8 of the Lair of Beasts)
 25808 | Orc:3    | Received a gift from Trog
 25894 | Orc:3    | Found Xuixiy's Armour Emporium.
 26035 | Orc:3    | Noticed an orc warlord
 26087 | Orc:3    | Bought the +3 helmet of Duntupp {Str+3 Dex-4} for 268 gold pieces
 26130 | Orc:3    | Killed an orc warlord
 26283 | Orc:3    | Found Amulehuh's Armour Shop.
 26643 | Orc:2    | Killed an ettin
 26719 | Orc:2    | You fall through a shaft for 2 floors!
 26719 | Orc:4    | Entered Level 4 of the Orcish Mines
 26756 | Orc:4    | Received a gift from Trog
 27153 | Orc:4    | Found a staircase to the Elven Halls.
 27319 | Orc:4    | Found Matz's Magic Scroll Boutique.
 27752 | Orc:4    | Found Toceceps's Distillery.
 27844 | Orc:4    | Received a gift from Trog
 27977 | Orc:4    | Reached skill level 14 in Fighting
 28027 | Orc:4    | Reached skill level 12 in Armour
 28504 | Orc:4    | Found Zoggiana's Gadget Emporium.
 28504 | Orc:4    | Found a one-way gate leading to the halls of Pandemonium.
 28504 | Orc:4    | Found Ysam's Antique Armour Shoppe.
 28546 | Orc:4    | Bought a scroll of identify for 26 gold pieces
 28546 | Orc:4    | Bought a scroll of identify for 26 gold pieces
 28546 | Orc:4    | Bought a scroll of fog for 26 gold pieces
 28546 | Orc:4    | Bought a scroll of teleportation for 39 gold pieces
 28851 | Orc:3    | Upgraded the game from 0.17-a0-1767-gccbed74 to 0.17-a0-1769-g54adf96
 28951 | D:12     | Received a gift from Trog
 29020 | D:12     | Found a large runed door.
 29024 | D:12     | Found a large runed door.
 29081 | D:12     | Identified Sif Muna's Grimoire of Good Luck (You found it on level 12 of the Dungeon)
 29396 | D:12     | Reached XP level 15. HP: 99/127 MP: 5/15
 29477 | D:12     | Found a large runed door.
 29595 | D:12     | Found a large runed door.
 29713 | D:12     | Reached skill level 15 in Fighting
 29897 | D:12     | Found a shimmering altar of Xom.
 29962 | D:12     | Found a large runed door.
 29964 | D:12     | Found a large runed door.
 29965 | D:12     | Found a large runed door.
 30000 | D:12     | Reached skill level 2 in Dodging
 30004 | D:12     | Got a slimy war axe
 30019 | D:12     | Found a large runed door.
 30185 | D:13     | Received a gift from Trog
 30192 | D:13     | Got a transparent scimitar {god gift}
 30193 | D:13     | Identified the +3 scimitar of Weame {slice, +Blink} (Trog gifted it to you on level 13 of the Dungeon)
 30423 | D:13     | Found Kiqomaint's General Store.
 30533 | D:13     | Reached skill level 13 in Armour
 30659 | D:13     | Reached skill level 3 in Dodging
 30950 | D:14     | Found a gate to the Vaults.
 30981 | D:14     | Found a labyrinth entrance.
 31001 | Lab      | Entered a labyrinth
 31571 | Lab      | Got a heavily runed troll leather armour
 31574 | Lab      | Identified the cursed +1 troll leather armour of the Buccaneer {rPois Regen+ MP-9 Int+5} (You found it in a labyrinth)
 31578 | Lab      | Upgraded the game from 0.17-a0-1769-g54adf96 to 0.17-a0-1778-gd369669
 32522 | D:14     | Received a gift from Trog
 32595 | D:14     | Reached skill level 4 in Dodging
 32646 | D:14     | Got an iridescent bardiche
 32883 | D:15     | Entered Level 15 of the Dungeon
 32883 | D:15     | Found Velikel's General Store.
 33034 | D:15     | Found a staircase to the Depths.
 33230 | D:15     | Found Diesch's Distillery.
 33275 | D:15     | Found Ogubb's Assorted Antiques.
 33425 | D:15     | Reached skill level 5 in Dodging
 33560 | D:15     | Found a glowing golden altar of the Shining One.
 33761 | D:15     | Found Duptu Jiu's Gadget Boutique.
 33787 | D:15     | Identified the +2 bardiche "Doastraci" {chop, MR+} (You found it on level 14 of the Dungeon)
 34088 | Swamp:1  | Entered Level 1 of the Swamp
 34319 | Lair:3   | Reached skill level 14 in Armour
 34887 | Swamp:1  | Received a gift from Trog
 34887 | Swamp:1  | HP: 35/129 [something (18)]
 34896 | Swamp:1  | HP: 32/129 [something (9)]
 35096 | Swamp:1  | Reached XP level 16. HP: 133/136 MP: 5/16
 35955 | Swamp:2  | Found a shadowy altar of Dithmenos.
 35963 | Swamp:2  | Reached skill level 15 in Armour
 36022 | Swamp:2  | Reached skill level 1 in Throwing
 36196 | Swamp:2  | Reached skill level 2 in Throwing
 36239 | Swamp:2  | Received a gift from Trog
 36409 | Swamp:2  | Reached skill level 3 in Throwing
 36747 | Swamp:3  | Reached skill level 4 in Throwing
 36773 | Swamp:3  | Received a gift from Trog
 36874 | Swamp:3  | Reached skill level 5 in Throwing
 37427 | Swamp:3  | Reached skill level 6 in Throwing
 38191 | Swamp:4  | Entered Level 4 of the Swamp
 38238 | Swamp:3  | Reached skill level 7 in Throwing
 38607 | Swamp:4  | Reached skill level 8 in Throwing
 38777 | Swamp:4  | Received a gift from Trog
 39505 | Swamp:4  | Reached skill level 9 in Throwing
 39668 | Swamp:4  | Reached XP level 17. HP: 127/142 MP: 5/17
 39716 | Swamp:4  | Got a decaying rune of Zot
 40103 | Orc:3    | Bought a +2 cloak of invisibility for 236 gold pieces
 40642 | Spider:1 | Entered Level 1 of the Spider Nest
 40676 | Spider:1 | Noticed Rupert
 40694 | Spider:1 | Killed Rupert
 41239 | Spider:1 | Reached skill level 10 in Throwing
 41456 | Spider:1 | Reached skill level 1 in Evocations
 41505 | Spider:1 | Got a polished scale mail
 41506 | Spider:1 | Identified the +1 scale mail of Vlad {Dex+2} (You found it on level 1 of the Spider Nest)
 41903 | Spider:1 | Reached skill level 2 in Evocations
 42023 | Spider:1 | Received a gift from Trog
 42037 | Spider:1 | Reached skill level 3 in Evocations
 42361 | Spider:2 | Reached skill level 4 in Evocations
 42548 | Spider:2 | Reached skill level 5 in Evocations
 42625 | Spider:2 | Received a gift from Trog
 43255 | Spider:2 | Upgraded the game from 0.17-a0-1778-gd369669 to 0.17-a0-1793-gcbb3aa1
 43383 | Spider:2 | Reached skill level 6 in Evocations
 43681 | Spider:3 | Received a gift from Trog
 43886 | Spider:3 | Received a gift from Trog
 43886 | Spider:3 | Reached skill level 7 in Evocations
 44514 | Spider:3 | Received a gift from Trog
 44514 | Spider:3 | Reached skill level 8 in Evocations
 44731 | Spider:3 | Received a gift from Trog
 44774 | Spider:4 | Entered Level 4 of the Spider Nest
 45191 | Spider:4 | Received a gift from Trog
 45826 | Spider:4 | Reached skill level 9 in Evocations
 45872 | Spider:4 | Received a gift from Trog
 46187 | Spider:3 | HP: 39/142 [wolf spider (11)]
 46192 | Spider:3 | Reached XP level 18. HP: 44/149 MP: 23/25
 46193 | Spider:3 | HP: 43/149 [wolf spider (2)]
 46642 | Spider:4 | Reached skill level 10 in Evocations
 46767 | Spider:4 | Reached skill level 6 in Dodging
 46812 | Spider:4 | Got a gossamer rune of Zot
 47046 | Spider:4 | Reached skill level 7 in Dodging
 47536 | Vaults:1 | Entered Level 1 of the Vaults
 47832 | Vaults:1 | Received a gift from Trog
 47832 | Vaults:1 | Reached skill level 8 in Dodging
 48795 | Vaults:1 | Reached skill level 9 in Dodging
 49557 | Vaults:2 | Reached skill level 10 in Dodging
 49593 | Vaults:2 | Found Qadd's Food Shop.
 49616 | Vaults:2 | Found a magical portal.
 49621 | WizLab   | Entered Cigotuvi's Fleshworks
 49739 | WizLab   | Received a gift from Trog
 50338 | WizLab   | Paralysed by a giant eyeball for 3 turns
 50351 | WizLab   | Paralysed by a giant eyeball for 2 turns
 50377 | WizLab   | Paralysed by a giant eyeball for 3 turns
 50469 | WizLab   | Paralysed by a giant eyeball for 3 turns
 50488 | WizLab   | Paralysed by a giant eyeball for 2 turns
 50648 | WizLab   | Reached skill level 11 in Dodging
 50699 | WizLab   | Received a gift from Trog
 50715 | WizLab   | Identified Cigotuvi's Reference Book on Evil
 50720 | WizLab   | Identified Exzegousi's Volume of Earthen Transmutation
 51087 | Vaults:2 | Reached XP level 19. HP: 155/155 MP: 8/26
 51279 | Vaults:2 | Found a staircase to the Crypt.
 51561 | Vaults:2 | Reached skill level 12 in Dodging
 51832 | Vaults:2 | Received a gift from Trog
 52727 | Vaults:2 | Reached skill level 13 in Dodging
 53610 | Vaults:3 | Received a gift from Trog
 53629 | Vaults:3 | HP: 45/155 [stone giant (17)]
 53655 | Vaults:3 | HP: 25/155 [yaktaur captain/bolt (17)]
 53982 | Vaults:3 | Reached skill level 14 in Dodging
 55002 | Vaults:3 | Received a gift from Trog
 55171 | Vaults:3 | Reached XP level 20. HP: 151/162 MP: 9/27
 55366 | Vaults:4 | Reached skill level 15 in Dodging
 56020 | Vaults:4 | Found a glowing silver altar of Zin.
 56183 | Vaults:4 | Received a gift from Trog
 56359 | Vaults:4 | Found Buurammo's General Store.
 56408 | Vaults:4 | Bought a scroll of teleportation for 57 gold pieces
 56408 | Vaults:4 | Bought a scroll of teleportation for 57 gold pieces
 56408 | Vaults:4 | Bought a scroll of identify for 38 gold pieces
 56408 | Vaults:4 | Bought a scroll of identify for 38 gold pieces
 56473 | Vaults:4 | Reached skill level 15 in Long Blades
 56606 | Vaults:4 | Noticed Donald
 56639 | Vaults:4 | Killed Donald
 56975 | Vaults:4 | Received a gift from Trog
 57472 | Vaults:4 | Received a gift from Trog
 57574 | Vaults:4 | Received a gift from Trog
 57734 | D:14     | Reached skill level 16 in Long Blades
 57930 | Lair:1   | Upgraded the game from 0.17-a0-1793-gcbb3aa1 to 0.17-a0-1798-g879a7aa
 58063 | Elf:1    | Entered Level 1 of the Elven Halls
 58456 | Elf:1    | Received a gift from Trog
 58696 | Elf:1    | Identified the Disquisition on Darkness
 59359 | Elf:2    | Found a runed gate.
 59360 | Elf:2    | Found a runed gate.
 59361 | Elf:2    | Found a runed gate.
 59942 | Elf:2    | Found Itatwy's General Store.
 60217 | Elf:2    | Received a gift from Trog
 60398 | Elf:2    | Noticed Asterion
 60419 | Elf:2    | Killed Asterion
 60419 | Elf:2    | Reached XP level 21. HP: 118/168 MP: 28/28
 60715 | Elf:2    | Received a gift from Trog
 60718 | Elf:2    | Reached skill level 17 in Long Blades
 61814 | Elf:3    | Entered Level 3 of the Elven Halls
 61868 | Elf:3    | Received a gift from Trog
 62694 | Elf:3    | Received a gift from Trog
 62845 | Elf:3    | Reached skill level 18 in Long Blades
 62902 | Elf:3    | Reached skill level 1 in Stealth
 62946 | Elf:3    | Reached skill level 2 in Stealth
 62957 | Elf:3    | HP: 47/168 [deep elf master archer/arrow (19)]
 62961 | Elf:3    | HP: 13/168 [deep elf master archer/arrow (15)]
 63406 | Elf:3    | Reached skill level 3 in Stealth
 63724 | Elf:3    | Received a gift from Trog
 63824 | Elf:3    | Reached skill level 4 in Stealth
 64092 | Elf:3    | Got a wavering golden amulet
 64113 | Elf:3    | Got a clouded emerald amulet
 64131 | Elf:3    | Got a transparent chain mail
 64169 | Elf:3    | Identified the cursed +0 chain mail of Fortification {+Inv rN+ Dex+3} (You found it on level 3 of the Elven Halls)
 64174 | Elf:3    | Identified the amulet "Hociusk" {rCorr Str-3 Dex-4 SInv Stlth+} (You took it off a deep elf death mage on level 3 of the Elven Halls)
 64175 | Elf:3    | Identified the amulet of Amezeo {+Rage Int+3} (You found it on level 3 of the Elven Halls)
 64204 | Elf:3    | Identified the Compendium of Evil and Poisoning
 65075 | D:15     | Bought a wand of disintegration (17) for 336 gold pieces
 65075 | D:15     | Bought a phantom mirror for 480 gold pieces
 65785 | Depths:1 | Entered Level 1 of the Depths
 65906 | Depths:1 | Found a gateway to Hell.
 66282 | Depths:1 | Found a gateway to a ziggurat.
 66707 | Depths:1 | Received a gift from Trog
 67124 | Depths:1 | Reached XP level 22. HP: 152/175 MP: 29/29
 68023 | Depths:2 | Received a gift from Trog
 68030 | Depths:2 | Reached skill level 19 in Long Blades
 68254 | Depths:3 | Noticed the Enchantress
 68467 | Depths:3 | Found a deep blue altar of Sif Muna.
 68593 | Depths:3 | Identified the Catalogue of Lightness and Contamination
 68595 | Depths:3 | Identified Sif Muna's Papyrus of Congealing Black Rites
 68643 | Depths:3 | Cast into the Abyss (a wizard)
 68853 | Abyss:2  | Upgraded the game from 0.17-a0-1798-g879a7aa to 0.17-a0-1804-gf6433eb
 69000 | Abyss:2  | Found an opulent altar of Gozag.
 69216 | Abyss:2  | Lost intelligence.
 69458 | Abyss:3  | Found a corrupted altar of Lugonu.
 69707 | Abyss:3  | Received a gift from Trog
 69881 | Abyss:3  | Found a corrupted altar of Lugonu.
 69935 | Abyss:3  | Found a corrupted altar of Lugonu.
 70044 | Abyss:3  | HP: 45/175 [raiju/living lightning (14)]
 70051 | Abyss:3  | HP: 44/175 [raiju/living lightning (6)]
 70057 | Abyss:3  | HP: 47/175 [raiju/living lightning (1)]
 70064 | Abyss:3  | HP: 47/175 [large abomination (5)]
 70068 | Abyss:3  | HP: 21/175 [raiju/living lightning (13)]
 70245 | Abyss:3  | HP: 44/175 [smoke demon/divine providence (13)]
 70249 | Abyss:3  | HP: 1/175 [smoke demon/ball of steam (25)]
 70250 | Abyss:3  | Killed from afar by a smoke demon

Vault maps used:
D:1:      scummos_arrival_simple_crosswalls
D:2:      ecumenical_altar_2, lemuel_blue_sif_altar, uniq_jessica, uniq_iyjb
D:3:      nicolae_dithmenos_through_a_glass_darkly, cheibrodos_ashenzari_chains,
          first_bread
D:4:      nicolae_qazlal_style_of_elements, minmay_temple_entry_grid,
          uniq_blork_the_orc, uniq_grinder
D:5:      nicolae_sextant, grunt_decor_one_mirror
D:6:      serial_shops, nicolae_shop_stone, st_stairs_12,
          corexii_hall_statues_deadend
D:7:      grunt_temple_overflow_open, kennysheep_mini, grunt_livestock,
          uniq_pikel
D:8:      serial_ice, serial_ice_m, serial_ice_f, serial_ice_i, serial_ice_d,
          nemelex_xobeh_ov_fountains_minmay, uniq_joseph
D:9:      nicolae_overflow_crystal_walls, erik_lair_dragon
D:10:     serial_shops, nicolae_shop_waterfront, nicolae_shop_behind_doors,
          shop, shop, nicolae_shop_trees
D:11:     orc_0_dummy, enter_bailey_3, portal_ice_cave_entry_ice_beasts,
          uniq_psyche
D:12:     minmay_five_octagons, grunt_decor_resistance, tgw_xom
D:13:     serial_shops, shop, minmay_misc_feat_square
D:14:     david_vaults_1, lab_entry_generic, minmay_misc_feat_alley,
          hangedman_decor_clover_reticule, lemuel_another_geyser
D:15:     hangedman_depths_entry_civil_slaughter, tso_altar, serial_shops, shop,
          shop, shop, shop
Temple:   circular_temple_6
Lair:1:   lemuel_fruit_fields, infiniplex_staircase_pool_2
Lair:2:   serial_bayou_shore_a, grunt_megastairs_3, uniq_harold
Lair:3:   minmay_swamp_entry_worms
Lair:4:   serial_bayou_shore_b
Lair:5:   nicolae_spider_entry_orb_guardian, serial_bayou_pond_c,
          kennysheep_basilisk_garden, uniq_maud
Lair:6:   kennysheep_abandoned_house, minmay_slime_entry_oklob_enclosed
Lair:7:   infiniplex_staircase_pool, uniq_nessos
Lair:8:   grunt_lair_end_beastmaster, eino_house_with_fridge
Swamp:1:  evilmike_swamp_ruin_house_5, hangedman_swamp_ravenous
Swamp:2:  nicolae_swamp_godswood
Swamp:3:  serial_swamp_ruin, evilmike_swamp_ruin_house_6,
          evilmike_swamp_ruin_house_1, evilmike_swamp_ruin_rubble_1
Swamp:4:  swamp_icy, swamp_pool1, statue_in_the_mist_lemuel,
          nicolae_swamp_very_dense_foliage
Spider:1: nicolae_spider_webs_and_nodes, uniq_rupert
Spider:3: nicolae_orb_stairs, nicolae_spider_cling_ruins
Spider:4: guppyfry_spider_rune
Orc:1:    basic_altar, serial_shops, nicolae_shop_statue_plus, uniq_erolcha
Orc:3:    serial_shops, shop_statue, shop, nicolae_orc_pool_cavern,
          guppyfry_library_mini
Orc:4:    pf_orc_diabolical
Elf:1:    minmay_elf_arrival_summoners, minmay_elf_necromancy, sword_in_stone
Elf:2:    serial_shops, shop, uniq_asterion
Elf:3:    minmay_elf_hall_four_x
Vaults:1: ontoclasm_vaults_eye, v_pattern_2, vaults_room_corners,
          vaults_room_stairs_pillars, nicolae_vaults_little_squares_5,
          vaults_room_hallway, serial_ice_g, vaults_mumra_lcd,
          vaults_room_grunt_arrival_ludios, vaults_dpeg_diagonal,
          vaults_room_semicircle
Vaults:2: hangedman_vaults_locks, v_rooms_6, ontoclasm_vaults_gateway,
          vaults_dpeg_cross, ontoclasm_vaults_spin,
          minmay_crypt_entry_simple_box, v_misc_29,
          nicolae_vaults_windows_and_doors_thing, ontoclasm_vaults_chip,
          ontoclasm_vaults_decontamination, v_misc_24, mu_enter_wizlab_2,
          serial_shops, shop
Vaults:3: nicolae_vaults_little_squares_3, v_alt_pattern_4, st_hourglassy,
          ontoclasm_vaults_hangar, ontoclasm_vaults_misaligned,
          ontoclasm_vaults_pinch, hangedman_vaults_maws, vaults_mumra_minichess
Vaults:4: vaults_room_grid, vaults_mumra_chevron, hangedman_vaults_variations,
          ontoclasm_vaults_ligature, vaults_room_fours, nicolae_vaults_theta,
          v_misc_17, st_octagons_2, v_pattern_1, hangedman_vaults_impose,
          hangedman_vaults_stitches, hangedman_vaults_restitches, basic_altar,
          serial_shops, shop, uniq_donald
Depths:1: enter_ziggurat_c, hangedman_coc_ice_floe, kennysheep_cross_room,
          minmay_stone_trees_small, minivault_22, kennysheep_generic_room_9
Depths:2: kennysheep_funnel, serial_sigils, serial_sigils_hangedman_confine,
          serial_sigils_hangedman_gut, serial_sigils_hangedman_scar,
          serial_sigils_hangedman_snap, serial_sigils_hangedman_clutch,
          serial_sigils_hangedman_writhe, grunt_hell_horde
Depths:3: evilmike_library_of_no_secrets, hell_entry, serial_bayou_pond_b,
          rand_demon_pan_entry_7, minmay_staircase_windowed_small,
          uniq_enchantress
Abyss:2:  hangedman_summoners_spam
Abyss:3:  hangedman_elemental_corridor
Lab:      labyrinth_mini_lab, nicolae_lab_grate
Bailey:   bailey_axe_3, bailey
WizLab:   wizlab_cigotuvi

Action                   |  1- 3 |  4- 6 |  7- 9 | 10-12 | 13-15 | 16-18 | 19-21 | 22-24 || total
-------------------------+-------+-------+-------+-------+-------+-------+-------+-------++-------
Melee: Falchion          |   128 |   119 |   212 |  1012 |     1 |       |       |       ||  1472
       Dagger            |       |   106 |    59 |    90 |    36 |    14 |       |       ||   305
       Long sword        |       |    51 |   143 |       |       |       |       |       ||   194
       Demon blade       |       |       |       |   184 |   342 |       |       |       ||   526
       Great sword       |       |       |       |       |   234 |    78 |   834 |    79 ||  1225
       Scimitar          |       |       |       |       |  1868 |  2816 |  1888 |   306 ||  6878
       Triple sword      |       |       |       |       |       |       |   275 |   249 ||   524
 Fire: Blowgun           |       |       |       |    80 |    55 |   102 |    16 |       ||   253
Throw: Stone             |     5 |    37 |    40 |       |       |       |       |       ||    82
       Tomahawk          |       |       |     7 |    64 |    54 |   147 |    49 |    10 ||   331
       Javelin           |       |       |       |    33 |     2 |       |     3 |       ||    38
       Throwing net      |       |       |       |     1 |     2 |       |       |       ||     3
Invok: Brothers in Arms  |       |       |       |     5 |     4 |     2 |     5 |       ||    16
       Burn Spellbooks   |       |       |       |     1 |     1 |     1 |       |       ||     3
 Abil: Evoke Flight      |       |       |       |       |     2 |     5 |       |       ||     7
       Evoke Blink       |       |       |       |       |     1 |     6 |     1 |       ||     8
       Stop Flying       |       |       |       |       |     1 |       |       |       ||     1
       Self-Restoration  |       |       |       |       |       |       |     1 |     1 ||     2
Evoke: Wand              |       |       |       |     1 |     3 |       |     3 |     1 ||     8
  Use: Scroll            |     1 |     4 |     7 |     9 |    13 |     5 |    10 |     5 ||    54
 Stab: Held in net/web   |       |       |       |     1 |       |       |       |       ||     1
       Confused          |       |       |       |       |       |     1 |       |       ||     1

Table legend:
 A = Turns spent in this place as a percentage of turns spent in the entire game.
 B = Non-inter-level travel turns spent in this place as a percentage of non-inter-level travel turns spent in the entire game.
 C = Inter-level travel turns spent in this place as a percentage of turns spent in this place.
 D = Turns resting spent in this place as a percentage of non-inter-level travel turns spent in this place.
 E = Turns spent auto-exploring this place as a percentage of non-inter-level travel turns spent in this place.
 F = Non-inter-level travel turns spent in this place divided by the number of levels of this place that you've seen.
                   A       B       C       D       E      F
               +-------+-------+-------+-------+-------+----------------------
         Total | 100.0 | 100.0 |   0.6 |   2.5 |   3.0 | 645.3
       Dungeon |  23.9 |  23.8 |   0.9 |   2.5 |   3.9 | 531.9
        Temple |   0.0 |   0.0 |   0.0 |   0.0 |   0.0 |   1.0
          Lair |  13.5 |  13.4 |   0.8 |   2.5 |   3.4 | 563.2
         Swamp |   7.8 |   7.8 |   0.5 |   2.3 |   4.1 | 658.5
   Spider Nest |   9.8 |   9.8 |   0.5 |   2.3 |   3.3 | 820.2
  Orcish Mines |   9.0 |   9.0 |   0.6 |   2.6 |   2.3 | 754.2
   Elven Halls |   9.4 |   9.4 |   0.3 |   3.6 |   2.1 | 1055.3
        Vaults |  13.5 |  13.5 |   0.4 |   2.7 |   2.8 | 1134.0
        Depths |   4.1 |   4.1 |   0.4 |   3.1 |   3.4 | 454.3
         Abyss |   4.4 |   4.4 |   0.0 |   1.9 |   0.0 | 493.7
     Labyrinth |   1.8 |   1.8 |   0.0 |   0.5 |   0.0 | 606.0
        Bailey |   0.5 |   0.5 |   0.0 |   1.1 |   0.0 | 182.0
        Wizlab |   2.4 |   2.4 |   0.0 |   2.1 |   0.4 | 806.0
               +-------+-------+-------+-------+-------+----------------------

Vault maps used:
D:1:      scummos_arrival_simple_crosswalls
D:2:      ecumenical_altar_2, lemuel_blue_sif_altar, uniq_jessica, uniq_iyjb
D:3:      nicolae_dithmenos_through_a_glass_darkly, cheibrodos_ashenzari_chains,
          first_bread
D:4:      nicolae_qazlal_style_of_elements, minmay_temple_entry_grid,
          uniq_blork_the_orc, uniq_grinder
D:5:      nicolae_sextant, grunt_decor_one_mirror
D:6:      serial_shops, nicolae_shop_stone, st_stairs_12,
          corexii_hall_statues_deadend
D:7:      grunt_temple_overflow_open, kennysheep_mini, grunt_livestock,
          uniq_pikel
D:8:      serial_ice, serial_ice_m, serial_ice_f, serial_ice_i, serial_ice_d,
          nemelex_xobeh_ov_fountains_minmay, uniq_joseph
D:9:      nicolae_overflow_crystal_walls, erik_lair_dragon
D:10:     serial_shops, nicolae_shop_waterfront, nicolae_shop_behind_doors,
          shop, shop, nicolae_shop_trees
D:11:     orc_0_dummy, enter_bailey_3, portal_ice_cave_entry_ice_beasts,
          uniq_psyche
D:12:     minmay_five_octagons, grunt_decor_resistance, tgw_xom
D:13:     serial_shops, shop, minmay_misc_feat_square
D:14:     david_vaults_1, lab_entry_generic, minmay_misc_feat_alley,
          hangedman_decor_clover_reticule, lemuel_another_geyser
D:15:     hangedman_depths_entry_civil_slaughter, tso_altar, serial_shops, shop,
          shop, shop, shop
Temple:   circular_temple_6
Lair:1:   lemuel_fruit_fields, infiniplex_staircase_pool_2
Lair:2:   serial_bayou_shore_a, grunt_megastairs_3, uniq_harold
Lair:3:   minmay_swamp_entry_worms
Lair:4:   serial_bayou_shore_b
Lair:5:   nicolae_spider_entry_orb_guardian, serial_bayou_pond_c,
          kennysheep_basilisk_garden, uniq_maud
Lair:6:   kennysheep_abandoned_house, minmay_slime_entry_oklob_enclosed
Lair:7:   infiniplex_staircase_pool, uniq_nessos
Lair:8:   grunt_lair_end_beastmaster, eino_house_with_fridge
Swamp:1:  evilmike_swamp_ruin_house_5, hangedman_swamp_ravenous
Swamp:2:  nicolae_swamp_godswood
Swamp:3:  serial_swamp_ruin, evilmike_swamp_ruin_house_6,
          evilmike_swamp_ruin_house_1, evilmike_swamp_ruin_rubble_1
Swamp:4:  swamp_icy, swamp_pool1, statue_in_the_mist_lemuel,
          nicolae_swamp_very_dense_foliage
Spider:1: nicolae_spider_webs_and_nodes, uniq_rupert
Spider:3: nicolae_orb_stairs, nicolae_spider_cling_ruins
Spider:4: guppyfry_spider_rune
Orc:1:    basic_altar, serial_shops, nicolae_shop_statue_plus, uniq_erolcha
Orc:3:    serial_shops, shop_statue, shop, nicolae_orc_pool_cavern,
          guppyfry_library_mini
Orc:4:    pf_orc_diabolical
Elf:1:    minmay_elf_arrival_summoners, minmay_elf_necromancy, sword_in_stone
Elf:2:    serial_shops, shop, uniq_asterion
Elf:3:    minmay_elf_hall_four_x
Vaults:1: ontoclasm_vaults_eye, v_pattern_2, vaults_room_corners,
          vaults_room_stairs_pillars, nicolae_vaults_little_squares_5,
          vaults_room_hallway, serial_ice_g, vaults_mumra_lcd,
          vaults_room_grunt_arrival_ludios, vaults_dpeg_diagonal,
          vaults_room_semicircle
Vaults:2: hangedman_vaults_locks, v_rooms_6, ontoclasm_vaults_gateway,
          vaults_dpeg_cross, ontoclasm_vaults_spin,
          minmay_crypt_entry_simple_box, v_misc_29,
          nicolae_vaults_windows_and_doors_thing, ontoclasm_vaults_chip,
          ontoclasm_vaults_decontamination, v_misc_24, mu_enter_wizlab_2,
          serial_shops, shop
Vaults:3: nicolae_vaults_little_squares_3, v_alt_pattern_4, st_hourglassy,
          ontoclasm_vaults_hangar, ontoclasm_vaults_misaligned,
          ontoclasm_vaults_pinch, hangedman_vaults_maws, vaults_mumra_minichess
Vaults:4: vaults_room_grid, vaults_mumra_chevron, hangedman_vaults_variations,
          ontoclasm_vaults_ligature, vaults_room_fours, nicolae_vaults_theta,
          v_misc_17, st_octagons_2, v_pattern_1, hangedman_vaults_impose,
          hangedman_vaults_stitches, hangedman_vaults_restitches, basic_altar,
          serial_shops, shop, uniq_donald
Depths:1: enter_ziggurat_c, hangedman_coc_ice_floe, kennysheep_cross_room,
          minmay_stone_trees_small, minivault_22, kennysheep_generic_room_9
Depths:2: kennysheep_funnel, serial_sigils, serial_sigils_hangedman_confine,
          serial_sigils_hangedman_gut, serial_sigils_hangedman_scar,
          serial_sigils_hangedman_snap, serial_sigils_hangedman_clutch,
          serial_sigils_hangedman_writhe, grunt_hell_horde
Depths:3: evilmike_library_of_no_secrets, hell_entry, serial_bayou_pond_b,
          rand_demon_pan_entry_7, minmay_staircase_windowed_small,
          uniq_enchantress
Abyss:2:  hangedman_summoners_spam
Abyss:3:  hangedman_elemental_corridor
Lab:      labyrinth_mini_lab, nicolae_lab_grate
Bailey:   bailey_axe_3, bailey
WizLab:   wizlab_cigotuvi
